 Dungeon Crawl Stone Soup version 0.31-a0-231-g51bb95cda3 (webtiles) character file.

Game seed: 10792629799095129602

193 qw the Shooter (level 5, -2/45 HPs)
             Began as a Minotaur Hexslinger on July 6, 2023.
             Was an Initiate of Okawaru.
             Slain by Grinder (5 damage)
             ... in a sewer.
             The game lasted 00:01:19 (2914 turns).

qw the Shooter (Minotaur Hexslinger)                Turns: 2914, Time: 00:01:20

Health: -2/45      AC:  5    Str: 12      XL:     5   Next: 43%
Magic:  5/5        EV: 10    Int: 14      God:    Okawaru [......]
Gold:   181        SH:  0    Dex:  5 (13) Spells: 5/6 levels left

rFire   + . .        Y - +2 sling (flame)
rCold   . . .        (no shield)
rNeg    . . .        d - +0 ring mail
rPois   .            (helmet restricted)
rElec   .            (no cloak)
rCorr   .            (no gloves)
SInv    .            (no boots)
Will    +....        (no amulet) Stlth
                     (no ring)
HPRegen 0.27/turn    (no ring)
MPRegen 0.09/turn

%: no passive effects
@: no status effects
A: horns 2, retaliatory headbutt, clever 1, deterioration 1, fire resistance 1,
strong-willed 1
a: Renounce Religion


You were in a sewer.
You worshipped Okawaru.
Okawaru was noncommittal.
You visited 1 branch of the dungeon, and saw 4 of its levels.
You also visited: Sewer.

You collected 181 gold pieces.


Innate Abilities, Weirdness & Mutations

You have a pair of horns on your head.
You reflexively headbutt those who attack you in melee.
Your mind is acute. (Int +4, Str/Dex -1)
Your body sometimes deteriorates upon taking damage.
Your flesh is heat resistant. (rF+)
You are strong-willed. (Will+)


   Skills:
 - Level 3.0 Fighting
 + Level 5.6 Ranged Weapons
 - Level 1.0 Armour
 - Level 2.1 Dodging
 - Level 1.0 Spellcasting
 - Level 2.0 Hexes


You had 5 spell levels left.
You knew the following spells:

 Your Spells              Type           Power      Damage    Failure   Level
a - Slow                  Hex            24%        N/A       26%         1

Your spell library contained the following spells:

 Spells                   Type           Power      Damage    Failure   Level
 Inner Flame              Hex/Fire       3%         N/A       75%         3
 Portal Projectile        Hex/Tloc       6%         N/A       75%         3
 Cause Fear               Hex            3%         N/A       95%         4

Inventory:

Hand Weapons
 Y - a +2 sling of flaming (weapon)
Armour
 d - a +0 ring mail (worn)
Scrolls
 a - a scroll of enchant armour
 g - a scroll of identify
Potions
 c - a potion of curing {unknown}
 f - a potion of haste

Dungeon Overview and Level Annotations

Branches:
Dungeon (4/15)              Sewer (1/1)
 Temple: D:4-7

Altars:
Cheibriados
Dithmenos
Hepliaklqana
Nemelex Xobeh
Okawaru
Uskayaw
Xom

Shops:
D:2 =([(

Annotations:
D:3 2 runed translucent doors Sewer Grinder


Message History

The sling bullet burns the shadow imp.
The shadow imp is almost dead.
You shoot a sling bullet.
The sling bullet barely misses the quasit.
The sling bullet barely misses the shadow imp.
The quasit bites you.
You feel clumsy. The quasit closely misses you. x2
The quasit bites you but does no damage.
The quasit barely misses you. The quasit claws you.
You feel clumsy.
You shoot a sling bullet. The sling bullet misses the quasit.
The sling bullet hits the ufetubus but does no damage.
The ufetubus is moderately wounded.
The quasit barely misses you. The quasit closely misses you.
The quasit claws you but does no damage.
The quasit bites you.
You feel clumsy. The quasit misses you. The quasit claws you.
You feel clumsy.
You shoot a sling bullet.
The sling bullet completely misses the quasit.
The sling bullet barely misses the ufetubus.
The quasit bites you but does no damage.
The quasit barely misses you. The quasit closely misses you.
You shoot a sling bullet. The sling bullet misses the quasit.
The sling bullet closely misses the ufetubus.
The quasit closely misses you.
The quasit claws you but does no damage. x2
You shoot a sling bullet. The sling bullet barely misses Grinder.
The sling bullet barely misses the ufetubus.
You shoot a sling bullet.
The sling bullet hits Grinder but does no damage.
Grinder is moderately wounded.
You shoot a sling bullet. The sling bullet misses the quasit.
The sling bullet barely misses the ufetubus.
Grinder hits you. The quasit bites you. The quasit claws you.
You feel clumsy. The quasit barely misses you. Grinder hits you.
You writhe in agony.
You die...

#####.....#####
~~~#..¤.¤..#~~~
5..'.......'...
...'.¤)_.¤.'...
K'.......'. 5.5¤...
#.5.#
#########5#############
#~~~~~~#@5)#~~~~~~#~~~#
#~~.~~~.....~~~~~.~~~~#
#.)))..#...#......#~.~#
#'#######~#######'#.~~#
#......#~~~#......#~~~#
#..~~..#~~~#..~~~.#.~~#
#~~~~~...~...~~~~~#~~~#
#~~~~~~#...#~~~~~~#~~~#
#~~~~~~#.).~~~~~~~#~~~#


You could see Grinder, a quasit and a shadow imp.

Vanquished Creatures
  A quasit (Sewer)
  A hound (D:4)
  An adder (D:2)
  A shadow imp (Sewer)
  3 ufetubi (Sewer)
  8 worms
  A dart slug (D:4)
  10 ball pythons
  7 bats
  6 endoplasms
  4 giant cockroaches
  3 goblins
  3 hobgoblins
  A jackal (D:1)
  3 quokkas
  2 frilled lizards
  13 kobolds
  A kobold zombie (Sewer)
  8 rats
77 creatures vanquished.

Vanquished Creatures (others)
  A kobold zombie (Sewer)
1 creature vanquished.

Grand Total: 78 creatures vanquished

Notes
Turn   | Place    | Note
-------+----------+-------------------------------------------
     0 | D:1      | qw the Minotaur Hexslinger began the quest for the Orb.
     0 | D:1      | Reached XP level 1. HP: 16/16 MP: 1/1
     0 | D:1      | 0 ||| qw: Version: 0.3-a-46-gb1f654a
     0 | D:1      | 0 ||| qw: Game counter: 1889
     0 | D:1      | 0 ||| qw: Melee chars always use a shield: true
     0 | D:1      | 0 ||| qw: God list: Okawaru
     0 | D:1      | 0 ||| qw: Allow faded altars: false
     0 | D:1      | 0 ||| qw: Do Orc after clearing Dungeon:15 true
     0 | D:1      | 0 ||| qw: Do second Lair branch before Depths: true
     0 | D:1      | 0 ||| qw: Lair rune preference: random
     0 | D:1      | 0 ||| qw: Goals: Normal
     0 | D:1      | 0 ||| PLANNING D:1-11
   266 | D:1      | Reached skill level 3 in Ranged Weapons
   266 | D:1      | Reached XP level 2. HP: 23/23 MP: 2/2
   665 | D:1      | 665 ||| UPGRADING to +0 ring mail.
   675 | D:1      | 675 ||| DROPPING +0 robe.
   676 | D:1      | 676 ||| READING scroll labelled PUUGAF KATUUT.
   677 | D:1      | 677 ||| READING scroll labelled PIWYLITOVU.
   681 | D:1      | 681 ||| READING scroll labelled PEKUANW ONYDOX.
   682 | D:1      | 682 ||| DRINKING 2 lumpy golden potions.
   683 | D:1      | 683 ||| DRINKING 2 murky inky potions.
   684 | D:1      | 684 ||| DROPPING scroll of poison.
   685 | D:1      | 685 ||| DROPPING potion of brilliance.
   703 | D:2      | Found Feodi's Jewellery Shop.
   752 | D:2      | Reached XP level 3. HP: 11/29 MP: 3/3
   826 | D:2      | 826 ||| SHOPLISTING +5 ring of evasion (360 gold, have 42).
   826 | D:2      | 826 ||| SHOPLISTING amulet of regeneration (300 gold, have
                  | 42).
   826 | D:2      | 826 ||| SHOPLISTING ring of positive energy (200 gold, have
                  | 42).
   826 | D:2      | 826 ||| SHOPLISTING ring of willpower (250 gold, have 42).
   977 | D:2      | Reached skill level 4 in Ranged Weapons
  1032 | D:2      | Found Liwnopn's Weapon Shoppe.
  1044 | D:2      | Found Peamigul's Weapon Shoppe.
  1064 | D:2      | Reached skill level 1 in Armour
  1252 | D:2      | Found Wujup's Armour Emporium.
  1260 | D:2      | 1260 ||| SHOPLISTING +1 robe of fire resistance (139 gold,
                  | have 91).
  1275 | D:2      | 1275 ||| READING scroll labelled SIPEMI QEOMYIXILA.
  1276 | D:2      | 1276 ||| READING scroll labelled LAEMEB IRAROL.
  1277 | D:2      | 1277 ||| READING scroll labelled HEBBUU SUNURUL.
  1427 | D:3      | Found a hide-covered altar of Uskayaw.
  1552 | D:3      | Found a large runed translucent door.
  1552 | D:3      | Found a large runed translucent door.
  2001 | D:3      | Found an iron altar of Okawaru.
  2002 | D:3      | 2002 ||| PLANNING OKAWARU WORSHIP
  2002 | D:3      | 2002 ||| READING scroll labelled YROIMNUEKE.
  2003 | D:3      | 2003 ||| READING scroll labelled YBRUOV WUT.
  2012 | D:3      | Became a worshipper of Warmaster Okawaru
  2013 | D:3      | 2013 ||| PLANNING D:1-11
  2047 | D:3      | Found a snail-covered altar of Cheibriados.
  2096 | D:3      | Reached XP level 4. HP: 36/36 MP: 4/4
  2105 | D:3      | Found a sparkling altar of Nemelex Xobeh.
  2150 | D:3      | Found a shadowy altar of Dithmenos.
  2151 | D:3      | Noticed a shadow
  2154 | D:3      | Found a hazy altar of Hepliaklqana.
  2290 | D:3      | Found a shimmering altar of Xom.
  2461 | D:3      | 2461 ||| DRINKING 2 bubbling puce potions.
  2461 | D:3      | Gained mutation: You are clumsy. (Dex -2) [potion of
                  | mutation]
  2461 | D:3      | Gained mutation: You are partially covered in iridescent
                  | scales. (AC +2) [potion of mutation]
  2461 | D:3      | Gained mutation: You occasionally lose the ability to read
                  | scrolls when taking damage. [potion of mutation]
  2462 | D:3      | 2462 ||| DRINKING potion of mutation.
  2462 | D:3      | Lost mutation: You are clumsy. (Dex -2) [potion of
                  | mutation]
  2462 | D:3      | Lost mutation: You are partially covered in iridescent
                  | scales. (AC +2) [potion of mutation]
  2462 | D:3      | Lost mutation: You occasionally lose the ability to read
                  | scrolls when taking damage. [potion of mutation]
  2462 | D:3      | Gained mutation: Your body sometimes deteriorates upon
                  | taking damage. [potion of mutation]
  2462 | D:3      | Gained mutation: Your mind is acute. (Int +4, Str/Dex -1)
                  | [potion of mutation]
  2462 | D:3      | Gained mutation: Your flesh is heat resistant. (rF+)
                  | [potion of mutation]
  2462 | D:3      | Gained mutation: You are strong-willed. (Will+) [potion of
                  | mutation]
  2469 | D:4      | 2469 ||| PLANNING SEWER
  2516 | D:4      | Found a glowing drain.
  2531 | D:4      | Reached skill level 5 in Ranged Weapons
  2578 | Sewer    | Entered a sewer
  2642 | Sewer    | Reached skill level 3 in Fighting
  2642 | Sewer    | Reached XP level 5. HP: 34/45 MP: 5/5
  2660 | Sewer    | 2660 ||| FLEEEEING.
  2661 | Sewer    | 2661 ||| FLEEEEING.
  2662 | Sewer    | 2662 ||| FLEEEEING.
  2763 | Sewer    | 2763 ||| FLEEEEING.
  2859 | Sewer    | 2859 ||| FLEEEEING.
  2860 | Sewer    | 2860 ||| FLEEEEING.
  2886 | Sewer    | Found a burning altar of Makhleb.
  2892 | Sewer    | Noticed Grinder
  2893 | Sewer    | 2893 ||| Stepping ~*~*~tactically~*~*~ (outnumbered).
  2909 | Sewer    | HP: 11/45 [quasit (3)]
  2914 | Sewer    | HP: 10/45 [Grinder (1)]
  2914 | Sewer    | HP: 3/45 [Grinder (4)]
  2914 | Sewer    | Slain by Grinder

Levels and vault maps discovered:
D:1:      dpeg_arrival_brainrot, layout_basic, minmay_pentomino_r4
D:2:      layout_basic, serial_shops, shop, shop, nicolae_shop_statue_plus,
          nicolae_shop_bloodbath_and_beyond
D:3:      due_chaos_kobolds, layout_basic, riverfiend_overflow_shadow_ancestor,
          slow_altar_2, amcnicky_altar_gilded, okawaru_gym_becter,
          mainiacjoe_overflow_concentric_impassable, chequers_big_river
D:4:      layout_loops_corners, cheibrodos_sewer_entry_sluice, minmay_distorted
Sewer:    kennysheep_sewer_church

Skill      XL: |  1  2  3  4 |
---------------+-------------+-----
Ranged Weapons | 3 4 5 |  5.6
Fighting       | 2 3 |  3.0
Armour         | 1 |  1.0
Dodging        | |  2.1
Spellcasting   | |  1.0
Hexes          | |  2.0

Action                     |  1- 3 |  4- 6 || total
---------------------------+-------+-------++-------
   Fire: Sling             |   150 |   133 ||   283
    Use: Scroll            |     8 |       ||     8
         Potion            |     2 |     2 ||     4
 Armour: Ring mail         |     9 |    64 ||    73
  Dodge: Dodged            |    26 |    69 ||    95

Table legend:
 A = Non-vault XP
 B = Vault XP
 C = Vault XP percentage of total XP
 D = Non-vault monster count
 E = Vault monster count
 F = Vault count percentage of total count
                 A         B        C        D         E       F
            +---------+---------+-------+---------+---------+-------
      Total |     135 |     141 |  51.1 |      44 |      33 |  42.9
            +---------+---------+-------+---------+---------+-------
        D:1 |      29 |       8 |  21.6 |      20 |       4 |  16.7
        D:2 |      40 |       0 |   0.0 |      12 |       0 |   0.0
        D:3 |      15 |       5 |  25.0 |       9 |       1 |  10.0
        D:4 |      51 |      17 |  25.0 |       3 |       4 |  57.1
      Sewer |       0 |     111 | 100.0 |       0 |      24 | 100.0
            +---------+---------+-------+---------+---------+-------
